Map: Oxide LE

Players

ViBE

  • Race: Protoss Protoss
  • League: Bronze
  • Spawn Location: 7:00

BrightHammer - Winner!

  • Race: Zerg Zerg
  • League: Master
  • Spawn Location: 1:00

VOD

https://www.youtube.com/watch?v=VjhJ7E-kFgw&list=PLFeZeom2b4DnD3FIu7pzkXl51JX_WWz2h&index=2

Description

Time

  • Played on: March 9, 2021, 9:58 p.m.
  • Length: 12:51
Show
View Real Time Build Order
Export as new Build Order

ViBE Protoss 

Build Orders: 1 Gate Expand 

Get SALT Encoding   

  12  0:00  Probe  
  13  0:13  Probe  
  14  0:20  Pylon  
  14  0:25  Probe  
  15  0:38  Probe  
  16  0:43  Gateway  
  16  0:46  Assimilator  
  16  0:50  Probe  
  17  1:02  Probe  
  18  1:14  Probe  
  19  1:20  Nexus  
  19  1:26  Probe  
  20  1:34  Cybernetics Core  
  20  1:42  Assimilator, Probe  
  21  1:52  Pylon  
  21  1:58  Probe  
  22  2:11  Probe (Chrono Boost)  
  22  2:12  Stalker, Warp Gate  
  25  2:20  Probe (Chrono Boost)  
  26  2:25  Probe  
  26  2:26  Pylon  
  27  2:32  Probe  
  28  2:37  Probe (Chrono Boost)  
  28  2:42  Stalker  
  32  2:44  Probe (Chrono Boost)  
  32  2:50  Probe (Chrono Boost)  
  33  2:55  Robotics Facility  
  33  2:56  Gateway  
  34  2:58  Probe (Chrono Boost)  
  34  2:59  Probe (Chrono Boost)  
  34  3:05  Probe (Chrono Boost)  
  35  3:06  Probe (Chrono Boost)  
  37  3:17  Probe (Chrono Boost)  
  37  3:18  Stalker, Probe (Chrono Boost)  
  41  3:22  Probe (Chrono Boost)  
  41  3:23  Probe (Chrono Boost)  
  43  3:31  Probe  
  43  3:32  Probe  
  45  3:43  Probe  
  45  3:44  Probe  
  45  3:45  Nexus  
  45  3:46  Observer  
  48  3:49  Pylon  
  48  3:56  Probe x2  
  48  4:00  Stalker x2  
  54  4:03  Assimilator  
  54  4:05  Assimilator  
  54  4:08  Pylon  
  54  4:13  Pylon, Probe x2  
  60  4:24  Immortal  
  60  4:25  Stalker  
  60  4:28  Stalker  
  64  4:32  Probe (Chrono Boost)  
  64  4:33  Probe (Chrono Boost)  
  66  4:44  Probe (Chrono Boost)  
  66  4:45  Probe (Chrono Boost)  
  68  4:49  Probe (Chrono Boost)  
  68  4:50  Probe (Chrono Boost)  
  70  4:54  Pylon  
  70  4:55  Stalker x2  
  70  4:59  Pylon  
  74  5:02  Probe  
  74  5:03  Probe x2  
  74  5:06  Immortal  
  81  5:17  Probe (Chrono Boost)  
  81  5:18  Probe (Chrono Boost)  
  81  5:19  Probe (Chrono Boost)  
  81  5:20  Stalker x2  
  89  5:29  Probe (Chrono Boost)  
  89  5:30  Probe (Chrono Boost)  
  89  5:31  Probe (Chrono Boost)  
  91  5:37  Probe (Chrono Boost)  
  91  5:38  Probe x2 (Chrono Boost)  
  94  5:43  Probe x2  
  94  5:44  Stalker x2, Probe  
  94  5:49  Nexus  
  101  5:50  Pylon  
  101  5:58  Pylon  
  101  6:01  Pylon  
  101  6:04  Assimilator  
  101  6:05  Assimilator  
  101  6:06  Immortal  
  101  6:08  Stalker x2  
  109  6:12  Probe x3  
  112  6:26  Probe  
  112  6:27  Probe x2  
  112  6:32  Gateway x2  
  115  6:35  Gateway  
  115  6:36  Stalker  
  115  6:37  Gateway, Stalker  
  119  6:40  Gateway  
  119  6:42  Probe x2  
  119  6:44  Probe  
  119  6:45  Immortal (Chrono Boost)  
  126  6:47  Gateway  
  126  6:51  Gateway  
  126  6:53  Gateway  
  126  6:56  Pylon  
  126  7:00  Forge  
  126  7:03  Twilight Council  
  126  7:05  Probe x3  
  126  7:06  Probe  
  130  7:17  Probe x3  
  130  7:19  Stalker x2, Probe  
  130  7:22  Pylon  
  138  7:26  Pylon  
  138  7:29  Probe  
  139  7:33  Pylon, Immortal  
  139  7:37  Nexus  
  139  7:38  Protoss Ground Weapons Level 1 (Chrono Boost), Pylon  
  143  7:52  Stalker x4  
  143  7:53  Stalker x3  
  143  7:55  Stalker  
  143  7:57  Stalker  
  161  7:59  Stalker  
  163  8:10  Probe  
  164  8:17  Stalker  
  164  8:18  Stalker x5  
  164  8:19  Stalker x2  
  180  8:20  Stalker  
  182  8:34  Stalker  
  182  8:37  Pylon  
  182  8:40  Pylon  
  182  8:42  Pylon  
  182  8:49  Immortal  
  182  8:59  Stalker  
  182  9:00  Stalker x5  
  182  9:01  Stalker  
  182  9:02  Robotics Facility  
  182  9:10  Gateway  
  182  9:12  Gateway  
  182  9:15  Gateway  
  182  9:17  Protoss Ground Weapons Level 2 (Chrono Boost), Gateway x2  
  156  9:20  Stalker x2  
  156  9:21  Gateway, Stalker  
  156  9:22  Immortal  
  144  9:25  Gateway, Stalker  
  144  9:26  Gateway, Stalker x4  
  124  9:41  Stalker x2  
  128  9:49  Stalker  
  128  9:50  Stalker x2  
  128  9:51  Stalker x3  
  128  9:52  Stalker  
  141  10:01  Immortal  
  141  10:05  Stalker x3, Immortal  
  141  10:06  Stalker x2  
  151  10:09  Stalker  
  161  10:23  Stalker x2  
  161  10:24  Stalker x2  
  161  10:25  Stalker  
  161  10:27  Stalker  
  173  10:31  Stalker  
  173  10:33  Stalker  
  173  10:34  Stalker  
  173  10:35  Stalker  
  181  10:52  Immortal x2 (Chrono Boost)  
  181  10:54  Stalker x3  
  181  10:55  Stalker x2  
  199  11:19  Nexus  
  199  11:20  Pylon  
  199  11:22  Stalker x5  
  199  11:23  Pylon, Stalker x4  
  199  11:24  Observer, Stalker  
  166  11:28  Assimilator  
  166  11:29  Assimilator  
  132  11:35  Stalker  
  132  11:36  Stalker x3  
  132  11:37  Stalker  
  132  11:39  Stalker  
  130  11:43  Immortal (Chrono Boost)  
  130  11:44  Immortal (Chrono Boost)  
  126  11:51  Stalker  
  126  11:52  Stalker  
  137  12:10  Stalker  
  137  12:11  Stalker x5  
  137  12:12  Stalker  
  149  12:22  Observer x2 (Chrono Boost)  
  98  12:31  Stalker x3  
  98  12:34  Stalker  
  98  12:35  Stalker x3  
Show
View Real Time Build Order
Export as new Build Order

BrightHammer Zerg - Winner!

Build Orders: Hatch First, Lurkers 

Get SALT Encoding   

  12  0:10  Overlord  
  12  0:13  Drone  
  13  0:18  Drone  
  14  0:31  Drone  
  14  0:35  Drone  
  16  0:44  Drone  
  17  0:54  Hatchery  
  16  0:57  Drone  
  17  1:04  Drone  
  17  1:11  Extractor  
  17  1:18  Spawning Pool  
  17  1:20  Drone  
  17  1:26  Drone  
  18  1:37  Drone  
  19  1:51  Drone  
  20  2:02  Overlord  
  20  2:05  Queen  
  20  2:07  Queen  
  24  2:09  Drone x2  
  26  2:18  Metabolic Boost  
  26  2:21  Drone x2  
  28  2:28  Drone  
  29  2:35  Drone  
  30  2:40  Drone  
  30  2:43  Queen  
  33  2:46  Queen  
  33  2:48  Overlord  
  33  2:51  Drone  
  36  3:02  Overlord  
  36  3:06  Drone  
  36  3:11  Drone x2  
  39  3:16  Hatchery  
  39  3:19  Drone  
  39  3:24  Drone x2  
  41  3:33  Drone  
  42  3:37  Drone  
  43  3:49  Drone x2  
  45  3:56  Drone x7  
  52  4:04  Extractor  
  52  4:05  Extractor  
  52  4:06  Extractor, Overlord  
  49  4:17  Drone x2  
  49  4:19  Drone  
  52  4:26  Drone x2  
  52  4:28  Overlord x2  
  52  4:29  Drone x3  
  52  4:30  Drone  
  58  4:34  Queen  
  60  4:41  Lair  
  60  4:44  Evolution Chamber  
  60  4:45  Evolution Chamber  
  58  4:48  Spore Crawler  
  58  4:49  Spore Crawler  
  58  4:50  Drone x6  
  62  4:58  Drone  
  62  4:59  Drone x3  
  66  5:05  Hatchery  
  65  5:12  Zerg Melee Weapons Level 1, Zerg Missile Weapons Level 1  
  65  5:18  Drone x7  
  65  5:19  Extractor  
  65  5:21  Extractor  
  70  5:24  Overlord x2  
  70  5:25  Baneling Nest  
  69  5:43  Drone x3, Hydralisk Den  
  69  5:45  Drone x6  
  77  5:50  Overlord  
  77  5:58  Infestation Pit  
  76  6:10  Centrifical Hooks  
  76  6:12  Hydralisk, Grooved Spines  
  76  6:13  Hydralisk x9  
  96  6:18  Extractor  
  96  6:19  Extractor  
  96  6:20  Queen  
  96  6:28  Drone x8  
  96  6:31  Overseer  
  96  6:32  Overseer  
  104  6:33  Overseer  
  104  6:37  Spine Crawler  
  104  6:39  Hive  
  103  6:41  Lurker Den  
  102  6:58  Overlord x5  
  102  7:00  Hydralisk x4  
  110  7:06  Drone x2  
  110  7:08  Overlord x3  
  112  7:11  Zerg Missile Weapons Level 2  
  112  7:15  Zerg Melee Weapons Level 2  
  112  7:22  Hydralisk x3  
  118  7:31  Muscular Augments  
  118  7:44  Lurker x6  
  118  7:47  Drone x14  
  138  7:57  Adaptive Talons  
  138  8:00  Hatchery  
  138  8:02  Extractor, Overlord x3  
  138  8:03  Overlord  
  136  8:19  Extractor  
  135  8:23  Hydralisk x9  
  135  8:24  Hydralisk  
  155  8:38  Hydralisk x8  
  171  8:42  Lurker  
  172  8:56  Hydralisk x6  
  172  8:57  Hydralisk  
  186  9:06  Overseer  
  186  9:08  Hydralisk  
  186  9:09  Hydralisk x3  
  192  9:16  Hydralisk x2  
  192  9:17  Hydralisk  
  162  9:32  Hydralisk x6  
  162  9:33  Hydralisk  
  176  9:45  Drone x10  
  186  9:47  Ultralisk Cavern  
  186  9:48  Lurker  
  186  10:09  Zerg Missile Weapons Level 3  
  186  10:10  Zerg Melee Weapons Level 3  
  186  10:14  Lurker  
  187  10:27  Lurker  
  187  10:28  Lurker x3  
  190  10:35  Spine Crawler x2  
  190  10:36  Spore Crawler  
  188  10:56  Lurker x7  
  195  11:02  Chitinous Plating  
  195  11:11  Hatchery  
  194  11:14  Extractor  
  194  11:15  Extractor  
  194  11:18  Overseer  
  189  11:25  Drone x6  
  170  11:45  Drone x5  
Tags
 
Composition
Lurkers
Matchup
PvZ
Player
ViBE
Replay Pack
Bronze_League
Spawn Locations
Cross Positions
Add a new tag
Caveats
  • Supply blocks, unpowered buildings, or Contaminate may cause inaccurate times.
  • Supply counts are checked every 10 seconds.